 Dungeon Crawl Stone Soup version 0.18-a0-1045-g4e042de (webtiles) character file.

70 botdamon the Chiller (level 3, 0/26 HPs)
             Began as a Demigod Ice Elementalist on Jan 11, 2016.
             Succumbed to an adder's poison
             ... on level 3 of the Dungeon.
             The game lasted 00:16:06 (2773 turns).

botdamon the Chiller (Demigod Ice Elementalist)     Turns: 2773, Time: 00:16:06

Health: 0/26       AC: 10    Str: 11    XL:     3   Next: 77%
Magic:  3/8        EV:  9    Int: 29    God:
Gold:   57         SH:  0    Dex: 16    Spells: 1 memorised, 4 levels left

rFire  . . .     SeeInvis .     j - +0 short sword
rCold  . . .     Gourm    .     p - +4 scale mail
rNeg   . . .     Faith    .     (no shield)
rPois  .         Spirit   .     (no helmet)
rElec  .         Dismiss  .     (no cloak)
rCorr  +         Reflect  .     (no gloves)
SustAt +         Harm     .     (no boots)
MR     .....                    (no amulet)
Stlth  +.........               q - ring of resist corrosion
                                l - +3 ring of intelligence

@: brilliant, lethally poisoned (0 -> -4), very slightly contaminated, not
resistant to hostile enchantments, very unstealthy
A: high mp 1, sustain attributes
a: no special abilities


You were on level 3 of the Dungeon.
You were full.

You visited 1 branch of the dungeon, and saw 3 of its levels.

You collected 57 gold pieces.

Inventory:

Hand Weapons
 j - a +0 short sword (weapon)
Missiles
 k - a throwing net (quivered)
Armour
 a - a +0 robe
 p - a +4 scale mail (worn)
Jewellery
 l - a +3 ring of intelligence (left hand)
 q - a ring of resist corrosion (right hand)
Scrolls
 e - 2 scrolls of identify
 g - a scroll of immolation
 h - 2 scrolls of remove curse
 i - 2 scrolls of recharging
Books
 b - a book of Frost

   Spells                             Type                      Level
   a - Freeze                         Ice                          1
   b - Throw Frost                    Conjuration/Ice              2
   c - Ozocubu's Armour               Charms/Ice                   3
   d - Throw Icicle                   Conjuration/Ice              4
   e - Summon Ice Beast               Ice/Summoning                4
   f - Condensation Shield            Ice                          4
 r - a book of Burglary

   Spells                             Type                      Level
   a - Swiftness                      Charms/Air                   2
   b - Passwall                       Transmutation/Earth          3
   c - Passage of Golubria            Translocation                4
   d - Lee's Rapid Deconstruction     Earth                        5
   e - Darkness                       Hexes                        6
   f - Invisibility                   Hexes                        6
Comestibles
 c - 2 bread rations


   Skills:
 + Level 0.1 Short Blades
 + Level 2.6 Dodging
 + Level 2.3 Stealth
 + Level 0.6 Unarmed Combat
 + Level 2.0 Spellcasting
 + Level 1.1 Conjurations
 + Level 3.2 Ice Magic


You had 4 spell levels left.
You knew the following spells:

 Your Spells              Type           Power        Failure   Level  Hunger
b - Throw Frost           Conj/Ice       ####..       4%          2    ##.....


Dungeon Overview and Level Annotations

Branches:
Dungeon (3/15)


Innate Abilities, Weirdness & Mutations

You have an increased reservoir of magic (+10% MP).
Your attributes are resistant to harm.


Message History

* * * LOW HITPOINT WARNING * * *
You feel sick. The adder misses your butterfly.
The adder completely misses your butterfly.
You finish eating.
That meat ration really hit the spot!
You spend a moment contemplating the meaning of life.
Put on which piece of jewellery? (? for menu, Esc to quit)
You feel clever.
l - a +3 ring of intelligence (left hand) Put on which piece of jewellery? (? for menu, Esc to quit)
q - a ring of resist corrosion (right hand)
The adder completely misses your butterfly.
Eat which item? (? for menu, Esc to quit)
Okay, then.
You aren't carrying any potions.
Read which item? (? for menu, Esc to quit)
Okay, then.
The adder misses your butterfly. The adder bites your butterfly.
Your butterfly dies!
You die...

.# .. .# .# .# b#
.# ###b#####. #.#.#
#.@b...... #.#.#
#b#.###### #
#.#.#####b#b# #
#.......#.#S# #
#.........#.#
#######.....#.###.#
)........#<.#.# ..
+#####...#..#.# .#
#...#....#


You could see an adder.

Vanquished Creatures
  An adder (D:3)
  An ooze (D:1)
  A worm (D:2)
  An orc (D:3)
  2 giant cockroaches
  8 goblins
  6 hobgoblins
  2 jackals (D:2)
  A quokka (D:2)
  A ball python (D:1)
  7 bats
  3 giant newts
  10 kobolds
  7 rats
51 creatures vanquished.

Notes
Turn   | Place    | Note
--------------------------------------------------------------
     0 | D:1      | botdamon the Demigod Ice Elementalist began the quest for the Orb.
     0 | D:1      | Reached XP level 1. HP: 14/14 MP: 5/5
   712 | D:1      | Reached skill level 3 in Ice Magic
   969 | D:1      | Reached XP level 2. HP: 15/20 MP: 2/7
   973 | D:1      | Learned a level 2 spell: Throw Frost
  1607 | D:1      | Reached skill level 1 in Conjurations
  1723 | D:2      | Reached XP level 3. HP: 24/26 MP: 8/8
  1819 | D:2      | Found a white marble altar of Elyvilon.
  2768 | D:3      | HP: 1/26 [poisoned by an adder]
  2773 | D:3      | Succumbed to an adder's poison

Vault maps used:
D:1:      dpeg_arrival_boxorama, serial_bayou_pond_e, minmay_misc_feat_encased
D:2:      minmay_door_path, old_standard_altar
D:3:      lemuel_crystal_altar, nicolae_tso_swordbearing_angel,
          gammafunk_pakellas_statue_experiment

Action                   || total
-------------------------++-------
Melee: Unarmed           ||    83
       Short sword       ||    99
 Cast: Freeze            ||    19
       Throw Frost       ||     7
  Use: Potion            ||     3
       Scroll            ||     6
 Stab: Sleeping          ||     5
  Eat: Meat ration       ||     2
       Beef jerky        ||     1
